 Dungeon Crawl Stone Soup version 0.31-a0-940-gdaa99269f9 (webtiles) character file.

Game seed: 4003195021353984525

4 IdlyInterested the Cutter (level 1, -1/16 HPs)
             Began as a Demonspawn Gladiator on Oct 20, 2023.
             Slain by a kobold
             ... wielding a +0 short sword
              (4 damage)
             ... on level 1 of the Dungeon.
             The game lasted 00:00:26 (111 turns).

IdlyInterested the Cutter (Demonspawn Gladiator)     Turns: 111, Time: 00:00:28

Health: -1/16      AC:  4    Str: 14    XL:     1   Next: 50%
Magic:  1/1        EV: 12    Int:  9    God:
Gold:   0          SH:  0    Dex: 14    Spells: 0/0 levels left

rFire   . . .        a - +0 rapier
rCold   . . .        (no shield)
rNeg    . . .        b - +0 leather armour
rPois   .            c - +0 helmet
rElec   .            (no cloak)
rCorr   .            (no gloves)
SInv    .            (no boots)
Will    .....        (no amulet)
Stlth   +            (no ring)
HPRegen 0.22/turn    (no ring)
MPRegen 0.07/turn

%: no passive effects
@: no status effects
A: no striking features
a: no special abilities


You were on level 1 of the Dungeon.
You visited 1 branch of the dungeon, and saw 1 of its levels.

Inventory:

Hand Weapons
 a - a +0 rapier (weapon)
Missiles
 d - 3 throwing nets (quivered)
 e - a javelin
Armour
 b - a +0 leather armour (worn)
 c - a +0 helmet (worn)
Potions
 f - a potion of heal wounds {unknown}


   Skills:
 - Level 2.0 Fighting
 * Level 2.9 Short Blades
 - Level 1.7 Throwing
 + Level 0.3 Armour
 - Level 2.6 Dodging


You couldn't memorise any spells.
You didn't know any spells.
Your spell library was empty.

Dungeon Overview and Level Annotations

Branches:
Dungeon (1/15)

Altars:


Message History

You hit the frilled lizard.
You kill the frilled lizard!
A rat is nearby!
Found a clear potion.
The rat bites you.
You hit the rat.
You kill the rat!
You start resting.
HP restored.
Found a stone staircase leading down.
A dart slug comes into view.
Found a robe.
The dart slug launches a dart at you. The slug dart hits you.
You see here a clear potion.
f - a clear potion The dart slug launches a dart at you.
The slug dart hits you.
A kobold comes into view. It is wielding a +0 short sword.
Found 12 gold pieces.
The kobold shouts!
The dart slug launches a dart at you. The slug dart hits you.
A hobgoblin comes into view.
Found 8 gold pieces.
The hobgoblin shouts!
A rat comes into view.
The dart slug launches a dart at you. The slug dart hits you.
You puncture the dart slug!
The dart slug is severely wounded.
The rat twitches its whiskers.
The dart slug barely misses you.
You hit the dart slug.
The dart slug is almost dead.
The kobold hits you with a +0 short sword.
* * * LOW HITPOINT WARNING * * *
The dart slug launches a dart at you. The slug dart misses you.
The kobold hits you with a +0 short sword.
You die...

....# ....# ....#
#######...###
............
$........###..
###.##wK.......
.......@.g$r...
#####.##..####.#.
#......#.........
#...
##.......###...
#...# #........#
#.... +........#
##....##........#
..........#+#+#.#
#..........# ....


You could see a dart slug, a hobgoblin, a kobold and a rat.

Vanquished Creatures
  A hobgoblin (D:1)
  A kobold (D:1)
  A frilled lizard (D:1)
  A rat (D:1)
4 creatures vanquished.

Notes
Turn   | Place    | Note
-------+----------+-------------------------------------------
     0 | D:1      | IdlyInterested the Demonspawn Gladiator began the quest for
                  | the Orb.
     0 | D:1      | Reached XP level 1. HP: 16/16 MP: 1/1
   111 | D:1      | Slain by a kobold

Illustrated notes

Levels and vault maps discovered:
D:1:      wander_arrival_estate, layout_basic, minmay_misc_feat_room,
          fountainhead, st_stairs_10

Action                     || total
---------------------------++-------
  Melee: Rapier            ||    16
 Armour: Leather armour    ||    15
  Dodge: Dodged            ||    16

Table legend: (Time is in decaauts)
 A = Elapsed time spent in this place.
 B = Non-inter-level travel time spent in this place.
 C = Inter-level travel time spent in this place.
 D = Time resting spent in this place.
 E = Time spent auto-exploring this place.
 F = Levels seen in this place.
 G = Mean time per level.
                   A        B        C        D        E       F      G
               +--------+--------+--------+--------+--------+-----+--------+
         Total |    111 |    111 |      0 |     48 |     23 |   1 |  111.0 |
       Dungeon |    111 |    111 |      0 |     48 |     23 |   1 |  111.0 |
               +--------+--------+--------+--------+--------+-----+--------+

Top non-repeatable levels by time:
     D:1: 111 daAuts
